 Dungeon Sprint DCSS version 0.26-a0-1013-gf6ffb0d6bd (webtiles) character file.

Game seed: 7087983176566518247

135 sahdkjhfkaj the Chopper (level 4, -6/67 HPs)
             Began as a Deep Dwarf Fighter on Dec 7, 2020.
             Was an Initiate of Makhleb.
             Mangled by a two-headed ogre
             ... wielding a +0 giant club
              (9 damage)
             ... in the Dungeon (Sprint IX: "|||||||||||||||||||||||||||||").
             The game lasted 00:00:38 (138 turns).

sahdkjhfkaj the Chopper (Deep Dwarf Fighter)         Turns: 138, Time: 00:00:39

Health: -6/67      AC: 13    Str: 23    XL:     4   Next: 97%
Magic:  4/4        EV:  8    Int: 14    God:    Makhleb [......]
Gold:   0          SH: 10    Dex: 15    Spells: 3/3 levels left

rFire    . . .     SeeInvis .   a - +1 broad axe of the Sage {flame, Str+2 Int+3}
rCold    . . .     Faith    .   c - +0 kite shield
rNeg     . . .     Spirit   .   q - +1 chain mail
rPois    .         Reflect  .   (no helmet)
rElec    .         Harm     .   (no cloak)
rCorr    .         Rampage  .   o - +0 pair of gloves
Will     .....     NoTele   +   p - +0 pair of boots
Stlth    ..........             (no amulet)
HPRegen  0.00/turn              r - +3 ring of intelligence
MPRegen  0.09/turn              b - +3 ring of dexterity

@: berserking (expiring), non-regenerating, very quick
A: damage resistance, heal wounds, sense surroundings 1, no regeneration
a: Heal Wounds, Renounce Religion


You were in the Dungeon.
You worshipped Makhleb.
Makhleb was noncommittal.
You visited 1 branch

Inventory:

Hand Weapons
 a - the +1 broad axe of the Sage (weapon) {flame, Str+2 Int+3}
   (You found it in the Dungeon)

   It has been specially enchanted to burn those struck by it, causing extra
   injury to most foes and up to half again as much damage against particularly
   susceptible opponents.
   Big, fiery blades are also staple armaments of hydra-hunters.
   It affects your strength (+2).
   It affects your intelligence (+3).
Armour
 c - a +0 kite shield (worn)
 o - a +0 pair of gloves (worn)
 p - a +0 pair of boots (worn)
 q - a +1 chain mail (worn)
Jewellery
 b - a +3 ring of dexterity (right hand)
 r - a +3 ring of intelligence (left hand)
Wands
 n - a wand of iceblast (10)
Scrolls
 j - 2 scrolls of blinking
 l - 3 scrolls of remove curse
 m - 2 scrolls of amnesia
Potions
 d - a potion of might
 e - 5 potions of curing
 f - 3 potions of heal wounds
 g - a potion of haste
 h - 4 potions of magic
 k - a potion of invisibility


   Skills:
 + Level 4.4 Fighting
 * Level 6.7 Axes
 + Level 5.5 Armour
 + Level 4.1 Dodging
 + Level 5.4 Shields


You had 3 spell levels left.
You didn't know any spells.
Your spell library was empty.

Dungeon Overview and Level Annotations

Branches:
Dungeon (1/1)

Altars:
Cheibriados
Dithmenos
Elyvilon
Fedhas
Gozag
Hepliaklqana
Kikubaaqudgha
Makhleb
Nemelex Xobeh
Okawaru
Qazlal
Ru
Sif Muna
Trog
Uskayaw
Vehumet
Wu Jian
Xom
Yredelemnul
Zin
The Shining One
Beogh
Jiyva
Lugonu


Innate Abilities, Weirdness & Mutations

You are resistant to damage.
You can heal yourself by infusing magical energy.
You passively map a small area around you.
You do not regenerate.


Message History

Your Armour skill increases to level 5!
Your Dodging skill gained 2 levels and is now at level 4!
Your Shields skill increases to level 5!
You have reached level 4!
You feel stronger.
A red film seems to cover your vision as you go berserk!
You feel yourself moving faster!
You feel mighty!
The two-headed ogre hits you with a +0 giant club!
You block the two-headed ogre's attack.
You barely miss the two-headed ogre.
Your chain mail prevents you from hitting the two-headed ogre.
The two-headed ogre hits you with a +0 giant club!
* * * LOW HITPOINT WARNING * * *
The two-headed ogre hits you with a +0 giant club!
* * * LOW HITPOINT WARNING * * *
You slice the two-headed ogre!! You burn the two-headed ogre!
The two-headed ogre is heavily wounded.
The two-headed ogre closely misses you.
The two-headed ogre hits you with a +0 giant club!
You die... ∩ * * * * * , , , , , , * * * * ,, , , ,, , * * * * , , , ,, , ▓▓▓▓▓▓▓▓▓▓▓▓▓▓▓▓▓▓▓▓▓▓▓▓ ,+.ZBJJO@..[...)..'______ *▓▓▓▓▓▓▓▓▓▓▓▓▓▓▓▓▓▓▓▓▓▓▓▓

You could see a two-headed ogre, 2 jellies, a worker ant and a bat skeleton.

Vanquished Creatures
  An orc warrior (D)
  A worker ant (D)
  A white imp (D)
  An adder zombie (D)
  An adder skeleton (D)
  2 bats (D)
  A bat skeleton (D)
  A frilled lizard (D)
  A goblin (D)
  A kobold (D)
11 creatures vanquished.

Notes
Turn   | Place    | Note
-------+----------+-------------------------------------------
     0 | D        | sahdkjhfkaj the Deep Dwarf Fighter began the quest for the
                  | Orb.
     0 | D        | Reached XP level 1. HP: 20/20 MP: 1/1
    12 | D        | Reached skill level 1 in Dodging
    13 | D        | Reached skill level 3 in Axes
    20 | D        | Noticed a worker ant
    26 | D        | Reached XP level 2. HP: 22/28 MP: 2/2
    36 | D        | Reached skill level 4 in Axes
    36 | D        | Reached XP level 3. HP: 13/34 MP: 3/3
    54 | D        | Found a roughly hewn altar of Beogh.
    54 | D        | Found a snail-covered altar of Cheibriados.
    54 | D        | Found a shadowy altar of Dithmenos.
    54 | D        | Found a white marble altar of Elyvilon.
    54 | D        | Found a blossoming altar of Fedhas.
    54 | D        | Found an opulent altar of Gozag.
    55 | D        | Found a hazy altar of Hepliaklqana.
    56 | D        | Found a viscous altar of Jiyva.
    57 | D        | Found an ancient bone altar of Kikubaaqudgha.
    58 | D        | Found a corrupted altar of Lugonu.
    59 | D        | Found a burning altar of Makhleb.
    61 | D        | Found a sparkling altar of Nemelex Xobeh.
    62 | D        | Found an iron altar of Okawaru.
    63 | D        | Found a stormy altar of Qazlal.
    64 | D        | Found a sacrificial altar of Ru.
    65 | D        | Found a shimmering blue altar of Sif Muna.
    66 | D        | Found a bloodstained altar of Trog.
    67 | D        | Found a hide-covered altar of Uskayaw.
    68 | D        | Became a worshipper of Makhleb the Destroyer
    69 | D        | Found a radiant altar of Vehumet.
    70 | D        | Found an ornate altar of the Wu Jian Council.
    71 | D        | Found a shimmering altar of Xom.
    72 | D        | Found a basalt altar of Yredelemnul.
    73 | D        | Found a glowing silver altar of Zin.
    74 | D        | Found a glowing golden altar of the Shining One.
    92 | D        | Got the +1 broad axe of the Sage {flame, Str+2 Int+3}
   126 | D        | Noticed a two-headed ogre
   126 | D        | Noticed an orc warrior
   134 | D        | Killed an orc warrior
   135 | D        | Reached skill level 6 in Axes
   135 | D        | Reached skill level 5 in Armour
   135 | D        | Reached skill level 5 in Shields
   135 | D        | Reached XP level 4. HP: 24/45 MP: 4/4
   137 | D        | HP: 3/67 [two-headed ogre/+0 giant club (10)]
   138 | D        | Mangled by a two-headed ogre

Illustrated notes

Levels and vault maps discovered:
D:        linesprint [early_d, line_temple, items_1, d_10, items_2, lair_1,
          lair_end, items_3, orc_1, orc_end, items_4, d_15, swamp_1, shoals_1,
          snake_1, spider_1, d_20, vaults_1, items_5, swamp_end, shoals_end,
          snake_end, spider_end, vaults_end, d_27, items_6, zot_1, zot_end,
          crypt_end, forest_end, elf_end, slime_end, tomb_end, abyss_end,
          pan_hell_end]

Skill      XL: |  1  2  3 |
---------------+----------+-----
Dodging        | 1 2 4 |  4.1
Axes           | 3 4 6 |  6.7
Fighting       | 3 4 |  4.4
Armour         | 4 5 |  5.5
Shields        | 4 5 |  5.4

Action                   |  1- 3 |  4- 6 || total
-------------------------+-------+-------++-------
Melee: War axe           |    37 |       ||    37
       Broad axe         |     7 |     3 ||    10
 Abil: Heal Wounds       |     1 |       ||     1
  Use: Potion            |       |     1 ||     1
Armor: Scale mail        |    21 |       ||    21
       Chain mail        |     3 |       ||     3
Dodge: Dodged            |    15 |     1 ||    16
Block: Kite shield       |    19 |     1 ||    20

Table legend: (Time is in decaauts)
 A = Elapsed time spent in this place.
 B = Non-inter-level travel time spent in this place.
 C = Inter-level travel time spent in this place.
 D = Time resting spent in this place.
 E = Time spent auto-exploring this place.
 F = Levels seen in this place.
 G = Mean time per level.
                   A        B        C        D        E       F      G
               +--------+--------+--------+--------+--------+-----+--------+
         Total |    155 |    155 |      0 |      0 |     20 |   1 |  155.0 |
       Dungeon |    155 |    155 |      0 |      0 |     20 |   1 |  155.0 |
               +--------+--------+--------+--------+--------+-----+--------+

Top non-repeatable levels by time:
       D: 155 daAuts
